 Dungeon Crawl Stone Soup version 0.19-a0-1589-ge51c82a (webtiles) character file.

11923 Lindan9 the Blocker (level 12, -6/92 HPs)
             Began as a Formicid Fighter on Sept 16, 2016.
             Was an Elder of Qazlal.
             Mangled by a phantasmal warrior (14 damage)
             ... led by a death knight
             ... on level 12 of the Dungeon.
             The game lasted 00:50:35 (9624 turns).

Lindan9 the Blocker (Formicid Fighter)              Turns: 9624, Time: 00:50:36

Health: -6/92      AC: 16    Str: 28    XL:     12   Next: 13%
Magic:  0/12       EV: 13    Int:  8    God:    Qazlal [****..]
Gold:   447        SH: 19    Dex: 10    Spells: 0 memorised, 11 levels left

rFire  . . .     SeeInvis +     q - +0 morningstar
rCold  . . .     Gourm    .     e - +0 chain mail
rNeg   . . .     Faith    .     c - +1 shield
rPois  .         Spirit   +     (helmet unavailable)
rElec  .         Dismiss  .     H - +1 cloak
rCorr  .         Reflect  .     F - +0 pair of gloves
MR     +....     Harm     .     (no boots)
Stlth  ..........               M - amulet of guardian spirit
                                C - +3 ring of evasion
                                o - +2 ring of protection

@: repel missiles
A: permanent stasis, dig shafts and tunnels, four strong arms, antennae 3,
strong 1
a: Dig, Shaft Self, Upheaval, Elemental Force, Renounce Religion


You were on level 12 of the Dungeon.
You worshipped Qazlal.
Qazlal was greatly pleased with you.
You were not hungry.

You visited 1 branch of the dungeon, and saw 12 of its levels.

You collected 447 gold pieces.

Inventory:

Hand Weapons
 g - a +3 great sword
 l - a +1 flail of draining
 q - a +0 morningstar (weapon)
 Z - a +1 flail of protection
Armour
 c - a +1 shield (worn)
 e - a +0 chain mail (worn)
 F - a +0 pair of gloves (worn)
 H - a +1 cloak (worn)
 I - a +0 scale mail of cold resistance
Jewellery
 m - a +3 ring of evasion
 o - a +2 ring of protection (left hand)
 y - an uncursed ring of protection from fire
 C - a +3 ring of evasion (right hand)
 K - an uncursed ring of protection from fire
 L - a +5 ring of dexterity
 M - an amulet of guardian spirit (around neck)
Wands
 d - a wand of flame (21/48)
 s - a wand of flame (42/48)
 t - a wand of flame (32/48)
 v - a wand of lightning (7/15)
 O - a wand of digging (10/24)
 R - a wand of paralysis (10/24)
 T - a wand of flame (16/48)
Scrolls
 i - 2 scrolls of teleportation
 k - a scroll of magic mapping
 p - a scroll of fog
 r - 5 scrolls of remove curse
 B - 2 scrolls of identify
 E - 3 scrolls of enchant weapon {unknown}
 G - 3 scrolls of immolation {unknown}
 N - a scroll of noise {unknown}
 W - a scroll of amnesia {unknown}
Potions
 b - a potion of resistance
 h - 3 potions of agility
 j - 3 potions of berserk rage
 n - 3 potions of curing
 u - 2 potions of flight
 A - a potion of cancellation {unknown}
 J - 2 potions of invisibility
 P - a potion of brilliance {unknown}
 U - a potion of ambrosia {unknown}
 V - a potion of mutation {unknown}
Books
 a - a book of Flames

   Spells                             Type                      Level
   a - Flame Tongue                   Conjuration/Fire             1
   b - Throw Flame                    Conjuration/Fire             2
   c - Conjure Flame                  Conjuration/Fire             3
   d - Inner Flame                    Hexes/Fire                   3
   e - Sticky Flame                   Conjuration/Fire             4
   f - Fireball                       Conjuration/Fire             5
 f - a book of Air

   Spells                             Type                      Level
   a - Shock                          Conjuration/Air              1
   b - Swiftness                      Charms/Air                   2
   c - Repel Missiles                 Charms/Air                   2
   d - Static Discharge               Conjuration/Air              3
   e - Lightning Bolt                 Conjuration/Air              5
 x - a book of the Warp

   Spells                             Type                      Level
   a - Gell's Gravitas                Hexes/Translocation          3
   b - Force Lance                    Conjuration/Translocation    4
   c - Summon Forest                  Summoning/Translocation      5
   d - Dispersal                      Translocation                6
   e - Controlled Blink               Translocation                8
   f - Disjunction                    Translocation                8
 Q - a book of Minor Magic

   Spells                             Type                      Level
   a - Magic Dart                     Conjuration                  1
   b - Blink                          Translocation                2
   c - Call Imp                       Summoning                    2
   d - Repel Missiles                 Charms/Air                   2
   e - Slow                           Hexes                        2
   f - Conjure Flame                  Conjuration/Fire             3
   g - Mephitic Cloud                 Conjuration/Poison/Air       3
 X - the Volume of Dusty Attacks
   (You found it on level 9 of the Dungeon)

   Spells                             Type                      Level
   a - Flame Tongue                   Conjuration/Fire             1
   b - Magic Dart                     Conjuration                  1
   c - Sting                          Conjuration/Poison           1
   d - Sandblast                      Earth                        1
   e - Bolt of Draining               Conjuration/Necromancy       5
   f - Lee's Rapid Deconstruction     Earth                        5
   g - Iron Shot                      Conjuration/Earth            6
Miscellaneous
 Y - a sack of spiders
Comestibles
 z - 2 bread rations
 D - a slice of pizza
 S - 24 fruits


   Skills:
 + Level 7.7 Fighting
 + Level 11.4 Maces & Flails
 + Level 8.3 Armour
 + Level 3.5 Dodging
 + Level 0.6 Stealth
 + Level 12.6 Shields


You had 11 spell levels left.
You didn't know any spells.

Dungeon Overview and Level Annotations

Branches:
Dungeon (11/15)            Temple (0/1) D:6            Lair (0/6) D:8
    Orc: D:9-12

Altars:
Ashenzari
Gozag
Kikubaaqudgha
Qazlal
Ru
Sif Muna
Uskayaw
Xom
Zin
The Shining One

Shops:
D:5 (   D:8 *

Annotations:
D:6 exclusion: oklob plant
D:11 Akett's ghost, journeyman OgMo


Innate Abilities, Weirdness & Mutations

You are under a permanent stasis effect.
You can dig through walls and to a lower floor.
Your four strong arms can wield two-handed weapons with a shield.
You have a pair of large antennae on your head. (SInv)
Your muscles are strong. (Str +2)


Message History

You block the centaur's attack. You block the worker ant's attack.
You block the phantasmal warrior's attack.
The death knight barely misses you.
You completely miss the centaur. You block the centaur's attack.
You block the hippogriff's attack. The hippogriff barely misses you.
The hippogriff closely misses you. The worker ant misses you.
The phantasmal warrior hits you!!
* * * LOW HITPOINT WARNING * * *
You hit the centaur.
The centaur is lightly wounded.
You block the centaur's attack.
The death knight is engulfed in freezing vapours.
The death knight barely misses you.
The death knight reflects your damage back at you!
* * * LOW HITPOINT WARNING * * *
The worker ant closely misses you. The hippogriff barely misses you.
The hippogriff pecks you but does no damage.
You block the hippogriff's attack. The centaur closely misses you.
The phantasmal warrior hits you!
You die...

#.......# ####'####
##)# #.[# ### ###'###
#.. #.....#
###'######## #.....#
#....§...§.### #..)..#
#....§§..§.'.# #.....#
#..)).c@W..#.# #.....#
#.....paH..#.# { {
#.....####......§...#.#
{
#...).#..'..........#..
+....)).##..........##.
#.....####..........#
.. ####'## #..........#
## #.. ###'######## ##.
#.#


You could see a death knight, a phantasmal warrior, a hippogriff, a centaur and
a worker ant.

Vanquished Creatures
  2 hill giants (D:12)
  Joseph (D:9)
  A komodo dragon (D:12)
  A freezing wraith (D:12)
  2 trolls
  A slime creature (D:7)
  Prince Ribbit (D:5)
  A two-headed ogre (D:9)
  Grinder (D:5)
  2 hippogriffs (D:10)
  Sigmund (D:2)
  A wyvern (D:10)
  2 wraiths (D:12)
  A vampire (D:12)
  Eustachio (D:5)
  Grum (D:10)
  10 yaks (D:10)
  A hungry ghost (D:7)
  2 vampire mosquitoes (D:12)
  Duvessa (D:7)
  2 water moccasins
  2 sky beasts
  3 ice beasts
  6 orc warriors
  2 phantoms
  A necrophage (D:7)
  4 wolves (D:10)
  2 ogres (D:12)
  5 centaurs
  A big kobold (D:9)
  6 bullfrogs
  Dowan (D:7)
  3 scorpions
  3 howler monkeys
  5 wights (D:6)
  3 vampire bats (D:2)
  8 crimson imps
  2 bullfrog zombies
  3 centaur zombies
  A quasit (D:8)
  A bullfrog skeleton (D:12)
  2 jellies (D:7)
  A centaur skeleton (D:12)
  4 orc priests
  6 hounds
  6 orc wizards
  Ijyb (D:2)
  An iguana (D:4)
  13 worker ants
  A worker ant zombie (D:5)
  4 gnolls (D:5)
  A howler monkey skeleton (D:10)
  5 adders
  4 shadow imps
  An ooze (D:5)
  An adder zombie (D:6)
  3 adder skeletons
  2 worms (D:2)
  5 dart slugs
  A leopard gecko (D:1)
  40 orcs
  5 bat skeletons (D:2)
  2 bat zombies (D:2)
  8 giant cockroaches
  2 hobgoblins (D:2)
  3 jackals (D:6)
  15 kobolds
  5 quokkas
  A ball python (D:5)
  13 bats
  4 frilled lizards
  12 goblins
  A leopard gecko skeleton (D:9)
  A quokka skeleton (D:9)
  14 rats
  A fungus (D:8)
287 creatures vanquished.

Notes
Turn   | Place    | Note
-------+----------+-------------------------------------------
     0 | D:1      | Lindan9 the Formicid Fighter began the quest for the Orb.
     0 | D:1      | Reached XP level 1. HP: 18/18 MP: 1/1
    72 | D:1      | Reached XP level 2. HP: 6/24 MP: 2/2
   435 | D:1      | Reached skill level 4 in Shields
   624 | D:1      | Reached XP level 3. HP: 29/29 MP: 3/3
  1451 | D:2      | Reached XP level 4. HP: 37/37 MP: 4/4
  1508 | D:2      | Noticed Ijyb
  1513 | D:2      | Killed Ijyb
  1585 | D:2      | Noticed Sigmund
  1618 | D:2      | Killed Sigmund
  1618 | D:2      | Reached XP level 5. HP: 34/42 MP: 5/5
  1618 | D:2      | Reached XP level 6. HP: 39/48 MP: 6/6
  1634 | D:2      | Gained mutation: Your muscles are strong. (Str +2) [potion of beneficial mutation]
  1878 | D:2      | Found a hide-covered altar of Uskayaw.
  2240 | D:2      | Found an ancient bone altar of Kikubaaqudgha.
  2257 | D:2      | Reached skill level 5 in Maces & Flails
  2299 | D:2      | Reached XP level 7. HP: 54/54 MP: 7/7
  2368 | D:2      | Reached skill level 5 in Shields
  2619 | D:3      | Found a shattered altar of Ashenzari.
  2622 | D:3      | Found a shimmering altar of Xom.
  2622 | D:3      | Found an opulent altar of Gozag.
  2626 | D:3      | Found a glowing silver altar of Zin.
  2626 | D:3      | Found a deep blue altar of Sif Muna.
  2627 | D:3      | Found a glowing golden altar of the Shining One.
  3086 | D:3      | You fall through a shaft for 3 floors!
  3213 | D:6      | Noticed an oklob plant
  3244 | D:5      | Entered Level 5 of the Dungeon
  3244 | D:5      | Noticed Grinder
  3256 | D:5      | Killed Grinder
  3256 | D:5      | Reached skill level 1 in Dodging
  3256 | D:5      | Reached XP level 8. HP: 33/61 MP: 8/8
  3292 | D:5      | Reached skill level 6 in Shields
  3330 | D:5      | Found Sel Muule's Weapon Boutique.
  3472 | D:5      | Noticed Prince Ribbit
  3507 | D:5      | Killed Prince Ribbit
  3507 | D:5      | Reached skill level 5 in Armour
  3674 | D:4      | Found a sacrificial altar of Ru.
  4146 | D:4      | Found a stormy altar of Qazlal.
  4157 | D:4      | Became a worshipper of Qazlal Stormbringer
  4537 | D:5      | Noticed Eustachio
  4578 | D:5      | Reached skill level 5 in Fighting
  4578 | D:5      | Reached XP level 9. HP: 23/68 MP: 9/9
  4583 | D:5      | Killed Eustachio
  4583 | D:5      | Reached skill level 7 in Shields
  4919 | D:5      | Found a deep blue altar of Sif Muna.
  5664 | D:6      | Found a staircase to the Ecumenical Temple.
  5815 | D:6      | Reached skill level 8 in Shields
  5884 | D:6      | Reached * piety under Qazlal
  6230 | D:7      | Noticed a slime creature
  6244 | D:7      | Killed a slime creature
  6247 | D:7      | Reached XP level 10. HP: 54/74 MP: 7/10
  6360 | D:7      | Reached skill level 9 in Shields
  6398 | D:7      | Noticed Dowan
  6399 | D:7      | Noticed Duvessa
  6417 | D:7      | Killed Duvessa
  6423 | D:7      | Killed Dowan
  7124 | D:8      | Reached ** piety under Qazlal
  7169 | D:8      | Found Eshree's Assorted Antiques.
  7206 | D:8      | Found a staircase to the Lair.
  7431 | D:9      | Found a shimmering altar of Xom.
  7431 | D:9      | Noticed Joseph
  7472 | D:9      | Killed Joseph
  7472 | D:9      | Reached skill level 10 in Shields
  7612 | D:9      | Reached skill level 10 in Maces & Flails
  7926 | D:9      | Identified the Volume of Dusty Attacks
  8007 | D:10     | Entered Level 10 of the Dungeon
  8016 | D:10     | Noticed Grum
  8021 | D:10     | Reached XP level 11. HP: 81/81 MP: 11/11
  8038 | D:10     | Reached skill level 11 in Shields
  8051 | D:10     | Killed Grum
  8111 | D:10     | Found an ancient bone altar of Kikubaaqudgha.
  8333 | D:10     | Reached *** piety under Qazlal
  8947 | D:11     | Reached skill level 12 in Shields
  9033 | D:11     | Noticed a purple ugly thing
  9041 | D:11     | Noticed Akett's ghost (journeyman OgMo)
  9053 | D:11     | You fall through a shaft!
  9114 | D:12     | Noticed a hill giant
  9123 | D:12     | Killed a hill giant
  9201 | D:12     | Noticed a hill giant
  9212 | D:12     | Killed a hill giant
  9324 | D:12     | Reached **** piety under Qazlal
  9324 | D:12     | Reached XP level 12. HP: 24/91 MP: 9/12
  9611 | D:12     | Noticed a death knight
  9624 | D:12     | Mangled by a phantasmal warrior

Vault maps used:
D:1:      mainiacjoe_arrival_reflecting_pool, minmay_unequal
D:2:      kennysheep_vampire_church, lemuel_doored_altar, grunt_ministairs_13,
          uniq_sigmund, uniq_iyjb
D:3:      grunt_temple_overflow_open, first_bread
D:4:      nicolae_overflow_crystal_walls, lemuel_coloured_pillars_altar,
          minmay_misc_feat_iff, minmay_small_thing
D:5:      serial_shops, kennysheep_mini_moat, st_stairs_10, led_sif_pool,
          uniq_grinder, uniq_eustachio, uniq_prince_ribbit1
D:6:      corner_web_ring, lemuel_oklob_altar
D:7:      minmay_blocky_corners, uniq_duvessa
D:8:      dpeg_oklobed_lair, serial_shops, nicolae_shop_crystal
D:9:      basic_altar, blue_anna_alchemist, kennysheep_nub, roderic_batcave,
          uniq_joseph
D:10:     kennysheep_blocky_hall, basic_altar, uniq_grum
D:11:     kennysheep_blocky_room, orc_0_dummy, makhleb_altar_promises_db

Skill      XL: |  1  2  3  4  5  6  7  8  9 10 11 |
---------------+----------------------------------+-----
Shields        | 4 5 6 8 10 12 | 12.6
Maces & Flails | 4 5 6 7 8 10 11 | 11.4
Fighting       | 4 5 6 7 |  7.7
Armour         | 4 5 6 7 8 |  8.3
Dodging        | 1 2 3 |  3.5
Stealth        | |  0.6

Action                   |  1- 3 |  4- 6 |  7- 9 | 10-12 || total
-------------------------+-------+-------+-------+-------++-------
Melee: Flail             |   157 |   138 |   481 |   431 ||  1207
       Morningstar       |       |       |       |   200 ||   200
 Abil: Shaft Self        |       |       |       |     1 ||     1
  Use: Scroll            |       |     3 |    14 |     8 ||    25
       Potion            |       |     1 |     3 |     3 ||     7
  Eat: Bread ration      |     1 |       |     4 |     1 ||     6
       Beef jerky        |       |       |       |     3 ||     3
       Royal jelly       |       |       |       |     1 ||     1
       Meat ration       |       |       |       |     1 ||     1
Armor: Scale mail        |    26 |       |       |       ||    26
       Chain mail        |    85 |   113 |   212 |   145 ||   555
Dodge: Dodged            |    59 |    69 |   236 |   190 ||   554
Block: Shield            |   107 |    95 |   389 |   568 ||  1159
